AoeStats
← Red Calypso

Lombardia

508228991Analyzed
4v4 RM · 10d ago on Sep 21, 2026· 41m 15s· 8 players
Game mode
Random Map
Map size
Large (8 player)
Population
200
Speed
Normal
Resources
Standard
Victory
Conquest
Starting age
Dark Age
Ending age
Imperial Age
RankedLock teamsTeams togetherTeam positionsShared explorationLock speedFull tech treeHidden civsTurbo modeCheats
Victory
Defeat
🇳🇿 Magyars · New Zealand
1460
+16
🇪🇸 Saracens · Spain
1437
+17
🇪🇨 Persians · Ecuador
1423
+17
🇳🇱 Slavs · Netherlands
1401
+18
🇩🇪 Mongols · Germany
1479
-18
🇩🇪 Mapuche · Germany
1470
-18
🇩🇪 Cumans · Germany
1461
-17
🇦🇹 Berbers · Austria
1414
-15
sdk
0:38 Loom
10:00 Feudal Age
10:25 Horse Collar
10:35 Double-Bit Axe
12:17 Wheelbarrow
21:30 Castle Age
22:27 Bow Saw
22:19 Heavy Plow
26:25 Stone Mining
27:06 Hand Cart
26:40 Town Watch
26:46 Town Watch
27:34 Gold Mining
30:39 Forging
32:19 Iron Casting
31:49 Scale Barding Armor
34:20 Imperial Age
31:56 Detinets
34:23 Chain Barding Armor
35:27 Conscription
34:28 Elite Boyar
35:44 Plate Barding Armor
36:10 Blast Furnace
36:31 Gold Shaft Mining
36:55 Masonry
39:13 Fletching
40:37 Bodkin Arrow
41:39 Ballistics
41:24 Siege Engineers
41:14 Murder Holes
41:29 Fortified Wall
42:19 Chemistry
41:10 Guard Tower
Melquiades3959
6:44 Loom
9:50 Feudal Age
10:40 Double-Bit Axe
13:33 Fletching
16:41 Horse Collar
17:18 Padded Archer Armor
23:58 Castle Age
22:19 Gold Mining
24:19 Wheelbarrow
24:05 Crossbowman
24:46 Bodkin Arrow
27:32 Ballistics
33:47 Imperial Age
34:37 Thumb Ring
35:23 Bracer
37:15 Chemistry
40:02 Arbalester
41:59 Conscription
[ECU] QUITUS
5:46 Loom
8:20 Feudal Age
9:14 Double-Bit Axe
12:56 Horse Collar
20:51 Castle Age
19:00 Gold Mining
19:40 Bloodlines
19:51 Scale Barding Armor
20:14 Forging
21:01 Wheelbarrow
21:40 Bow Saw
21:40 Heavy Plow
24:47 Chain Barding Armor
28:02 Iron Casting
27:57 Husbandry
36:30 Imperial Age
35:42 Hand Cart
37:25 Plate Barding Armor
36:13 Cavalier
37:48 Town Watch
39:11 Blast Furnace
39:01 Savar
w(oO)t
9:02 Feudal Age
10:10 Double-Bit Axe
10:38 Horse Collar
17:56 Wheelbarrow
21:05 Castle Age
19:40 Bloodlines
19:23 Gold Mining
21:25 Scale Barding Armor
22:10 Husbandry
22:38 Chain Barding Armor
22:48 Bow Saw
32:18 Hand Cart
32:41 Gold Shaft Mining
41:53 Imperial Age
Red Calypso
6:26 Loom
9:22 Feudal Age
10:01 Double-Bit Axe
15:42 Scale Barding Armor
23:51 Castle Age
23:59 Bloodlines
23:48 Stone Mining
26:32 Bow Saw
27:22 Forging
27:21 Fletching
27:35 Padded Archer Armor
28:15 Wheelbarrow
28:53 Husbandry
28:48 Gold Mining
30:09 Bodkin Arrow
31:35 Leather Archer Armor
36:05 Imperial Age
34:09 Chain Barding Armor
33:59 Forging
LukasPlanet
6:38 Loom
9:19 Feudal Age
9:55 Double-Bit Axe
11:12 Horse Collar
17:56 Wheelbarrow
21:24 Castle Age
20:31 Gold Mining
21:30 Scale Barding Armor
21:35 Forging
22:06 Bloodlines
23:05 Hand Cart
23:32 Bow Saw
23:36 Heavy Plow
24:51 Chain Barding Armor
28:42 Iron Casting
37:36 Imperial Age
35:59 Gold Shaft Mining
35:14 Stone Mining
36:42 Town Watch
37:50 Cavalier
39:18 Plate Barding Armor
39:43 Blast Furnace
4k1m
6:58 Loom
9:21 Feudal Age
10:23 Double-Bit Axe
10:02 Champi Runner
18:24 Fletching
22:03 Wheelbarrow
21:25 Horse Collar
25:18 Castle Age
25:13 Padded Archer Armor
29:49 Bodkin Arrow
32:54 Town Watch
Dekodie
10:10 Feudal Age
13:48 Castle Age
12:16 Double-Bit Axe
13:23 Loom
14:51 Bow Saw
24:33 Wheelbarrow
23:42 Horse Collar
25:15 Heavy Plow
25:13 Gold Mining
25:15 Stone Mining
26:05 Scale Barding Armor
26:20 Bloodlines
27:24 Forging
30:02 Fletching
30:12 Padded Archer Armor
31:06 Bodkin Arrow
35:37 Imperial Age
33:59 Husbandry
34:17 Leather Archer Armor
35:54 Ballistics
36:42 Conscription
36:04 Elite Mangudai
37:56 Parthian Tactics
37:37 Thumb Ring
39:04 Heavy Scorpion
Connection lost

Rejoining the realm…

Still unreachable

The connection could not be restored.

Session expired

The server has moved on; the page needs a fresh start.